 Dungeon Sprint DCSS version 0.30-a0-852-g08b95dd62f (webtiles) character file.

Game seed: 1409950083933242256

128 dialectric the Trooper (level 5, -17/37 HPs)
             Began as a Gargoyle Fighter on Mar 5, 2023.
             Demolished by a boulder beetle (47 damage)
             ... in the Dungeon (Sprint II: "The Violet Keep of Menkaure").
             The game lasted 00:00:12 (43 turns).

dialectric the Trooper (Gargoyle Fighter)             Turns: 43, Time: 00:00:13

Health: -17/37     AC: 11    Str: 20      XL:     5   Next: 11%
Magic:  5/5        EV: 11    Int:  6 (8)  God:
Gold:   0          SH:  0    Dex: 11      Spells: 4/4 levels left

rFire   . . .      SeeInvis .    a - +0 long sword
rCold   . . .      Faith    .    (no shield)
rNeg    + . .      Spirit   .    b - +0 scale mail
rPois   ∞          Reflect  .    (no helmet)
rElec   +          Rampage  .    (no cloak)
rCorr   .          NoTele   +    (no gloves)
Will    .....                    (no boots) Stlth
                                 (no amulet)
HPRegen 0.26/turn                (no ring)
MPRegen 0.09/turn                (no ring)

@: on berserk cooldown, slowed, very slow
A: sickness immunity, AC +4, negative energy resistance 1, electricity
resistance, torment resistance 1, petrification resistance
a: no special abilities


You were in the Dungeon.
You visited 1 branch

Inventory:

Hand Weapons
 a - a +0 long sword (weapon)
Armour
 b - a +0 scale mail (worn)
 c - a +0 buckler
Scrolls
 j - a scroll of blinking
Potions
 d - a potion of might
 e - a potion of curing
 f - a potion of heal wounds
 g - a potion of haste
 h - 2 potions of magic


   Skills:
 + Level 6.8 Fighting
 + Level 3.1 Long Blades
 + Level 6.7 Armour
 * Level 4.0 Dodging
 - Level 3.2 Shields


You had 4 spell levels left.
You didn't know any spells.
Your spell library was empty.

Dungeon Overview and Level Annotations

Branches:
Dungeon (1/1)

Altars:


Innate Abilities, Weirdness & Mutations

You are immune to sickness and miasma.
Your stone body is resilient. (AC +4)
You are immune to poison.
You resist negative energy. (rN+)
You are resistant to electric shocks. (rElec)
You are resistant to unholy torment.
You are immune to petrification.


Message History

You slash the neqoxec!
The neqoxec is severely wounded.
The neqoxec gestures at you.
Something tries to feed on your intellect!
You hit the neqoxec.
The neqoxec is almost dead.
You slash the neqoxec!
You kill the neqoxec!
Your Fighting skill gained 3 levels and is now at level 6!
Your Long Blades skill gained 2 levels and is now at level 3!
Your Armour skill gained 3 levels and is now at level 6!
Your Dodging skill gained 4 levels and is now at level 4!
You have reached level 2!
You have reached level 3!
Your experience leads to an increase in your attributes!
Increase (S)trength, (I)ntelligence, or (D)exterity?
You feel agile. x2
You have reached level 4!
You feel stronger.
You have reached level 5!
There is an open door here.
You feel a strong urge to attack something.
You slam the door shut with a bang!
You are no longer berserk.
You are exhausted.
You feel yourself slow down.
There is a staircase leading out of the dungeon here.
You start resting.
A neqoxec opens the door.
As you open the door, it creaks loudly! 2 boulder beetles come into view.
The boulder beetle leaps!
The neqoxec gestures at you.
You feel dopey. Something feeds on your intellect!
The boulder beetle curls into a ball and begins rolling!
Found 243 gold pieces.
The boulder beetle leaps!
The boulder beetle hits you!!!
Ouch! That really hurt!
You die...

## #+# #.##
###.##B.B#
#'°<.@#
#3##.##.°.#
#.# #+#
#.## ## ##


You could see 2 boulder beetles and a neqoxec.

Vanquished Creatures
  A neqoxec (D)
1 creature vanquished.

Notes
Turn   | Place    | Note
-------+----------+-------------------------------------------
     0 | D        | dialectric the Gargoyle Fighter began the quest for the
                  | Orb.
     0 | D        | Reached XP level 1. HP: 14/14 MP: 1/1
     8 | D        | Noticed a neqoxec
    16 | D        | Killed a neqoxec
    17 | D        | Reached XP level 2. HP: 19/23 MP: 2/2
    17 | D        | Reached XP level 3. HP: 24/28 MP: 3/3
    17 | D        | Reached XP level 4. HP: 27/32 MP: 4/4
    17 | D        | Reached XP level 5. HP: 31/37 MP: 5/5
    42 | D        | Noticed a neqoxec
    42 | D        | Noticed a boulder beetle
    42 | D        | Noticed a boulder beetle
    43 | D        | Demolished by a boulder beetle

Illustrated notes

Levels and vault maps discovered:
D:        the_violet_keep_of_menkaure [sprint2_stairs_cluster_1,
          sprint2_shoproom, sprint2_temple, sprint2_basic_supplies,
          sprint2_obstacle_4, sprint2_obstacle_7, sprint2_obstacle_5,
          sprint2_obstacle_6, sprint2_obstacle_1, sprint2_timed_cluster_1,
          sprint2_smallroom_cluster_1, sprint2_smallroom_final_cluster_1,
          sprint2_transparent_cluster_1, sprint2_second_timed_cluster_1,
          sprint2_sniper_area_1, sprint2_heavy_combat_area_1,
          sprint2_mutation_trap_area_1, sprint2_forest_area_1,
          sprint2_light_combat_area_1, sprint2_behind_water_1,
          sprint2_near_end_vault_1]

Skill      XL: |  1 |
---------------+----+-----
Fighting       | 6 |  6.8
Long Blades    | 3 |  3.1
Armour         | 6 |  6.7
Dodging        | 4 |  4.0
Shields        | |  3.2

Action                     |  1- 3 |  4- 6 || total
---------------------------+-------+-------++-------
  Melee: Long sword        |     7 |       ||     7
    Use: Potion            |     1 |       ||     1
 Armour: Scale mail        |     1 |       ||     1

Table legend: (Time is in decaauts)
 A = Elapsed time spent in this place.
 B = Non-inter-level travel time spent in this place.
 C = Inter-level travel time spent in this place.
 D = Time resting spent in this place.
 E = Time spent auto-exploring this place.
 F = Levels seen in this place.
 G = Mean time per level.
                   A        B        C        D        E       F      G
               +--------+--------+--------+--------+--------+-----+--------+
         Total |     52 |     52 |      0 |     31 |      0 |   1 |   52.0 |
       Dungeon |     52 |     52 |      0 |     31 |      0 |   1 |   52.0 |
               +--------+--------+--------+--------+--------+-----+--------+

Top non-repeatable levels by time:
       D: 52 daAuts
